 Dungeon Crawl Stone Soup version 0.23-a0-309-ge7838e6 (webtiles) character file.

70 Amnesiac the Sneak (level 4, 18/18 HPs)
             Began as a Felid Earth Elementalist on Oct 11, 2018.
             Quit the game on level 3 of the Dungeon.
             The game lasted 00:06:05 (2391 turns).

Amnesiac the Sneak (Felid Earth Elementalist)       Turns: 2391, Time: 00:06:06

Health: 18/18      AC:  1    Str:  4    XL:     4   Next: 3%
Magic:  8/8        EV: 18    Int: 16    God:
Gold:   93         SH:  0    Dex: 18    Spells: 0/7 levels left
                                        Lives:  0   Deaths: 1

rFire    + . .     SeeInvis +     - Unarmed
rCold    . . .     Gourm    .   (shield unavailable)
rNeg     . . .     Faith    .   (armour unavailable)
rPois    .         Spirit   .   (helmet unavailable)
rElec    .         Reflect  .   (cloak unavailable)
rCorr    .         Harm     .   (gloves unavailable)
MR       .....     Rnd*Tele +   (boots unavailable)
Stlth    +++.......             (no amulet)
HPRegen  0.06/turn              a - ring of protection from fire
MPRegen  0.11/turn              g - ring of teleportation (curse)

@: quick
A: very small, no armour, no weapons or thrown items, stealth, claws 1, fangs 3,
see invisible, carnivore, speed 1, shaggy fur 1, slow metabolism 1, sharp paws
a: no special abilities


You were on level 3 of the Dungeon.
You were not hungry.

You visited 1 branch of the dungeon, and saw 3 of its levels.

You collected 93 gold pieces.

Inventory:

Missiles
 b - 90 stones
Jewellery
 a - a ring of protection from fire (left paw)
 e - a +4 ring of strength
 g - a cursed ring of teleportation (right paw)
Scrolls
 j - a scroll of remove curse {!r, unknown}
 k - a scroll of enchant armour {!r, unknown}
 m - a scroll of fear {!r, unknown}
 o - 2 scrolls of teleportation {!r, unknown}
Potions
 d - a potion of lignification {!q}
 f - 2 potions of haste {!q, unknown}
 h - a potion of curing {!q}
 l - 2 potions of degeneration {!q, unknown}
 n - a potion of brilliance {!q, unknown}
 p - a potion of flight {!q, unknown}
Comestibles
 c - 10 rations
 i - 12 chunks of flesh


   Skills:
 - Level 2.6 Dodging
 + Level 3.2 Stealth
 * Level 3.1 Unarmed Combat
 - Level 2.0 Spellcasting
 + Level 3.1 Transmutations
 + Level 3.1 Earth Magic


You couldn't memorise any spells.
You knew the following spells:

 Your Spells              Type           Power        Failure   Level  Hunger
a - Sandblast             Erth           ##....       6%          1    #......
b - Passwall              Tmut/Erth      ##......     9%          2    ###....
e - Petrify               Tmut/Erth      ##......     50%         4    #####..

Your spell library contained the following spells:

 Spells                   Type           Power        Failure   Level  Hunger
 Stone Arrow              Conj/Erth      #.....       32%         3    ###....
 Lee's Rapid Deconstruct  Erth           ##........   85%         5    ######.


Dungeon Overview and Level Annotations

Branches:
Dungeon (3/15)

Altars:


Innate Abilities, Weirdness & Mutations

You cannot wear armour.
You are incapable of wielding weapons or throwing items.
Your paws allow you to move quietly. (Stealth)
You have sharp claws.
You have razor-sharp teeth.
You have supernaturally acute eyesight. (SInv)
You are carnivorous and can eat meat at any time.
You cover ground quickly.
You are covered in fur. (AC +1)
You have a slow metabolism.
Your sharp claws are effective at attacking unaware monsters.


Message History

Aim: an orc wizard, wielding a dagger and wearing a robe (moderately wounded)
The blast of sand misses the orc wizard.
The blast of sand hits the orc.
You kill the orc!
b - 94 stones The orc wizard hits you with a dagger.
Casting: Sandblast (safe; 6% risk of failure)
Confirm with . or Enter, or press ? or * to list all spells.
Aiming: Sandblast (safe; 6% risk of failure)
Press: ? - help, Shift-Dir - straight line, f/p - orc wizard
Aim: an orc wizard, wielding a dagger and wearing a robe (moderately wounded)
The blast of sand misses the orc wizard.
The blast of sand misses the orc.
b - 93 stones Unknown command.
Casting: Sandblast (safe; 6% risk of failure)
Confirm with . or Enter, or press ? or * to list all spells.
Aiming: Sandblast (safe; 6% risk of failure)
Press: ? - help, Shift-Dir - straight line, f/p - orc wizard
Aim: an orc wizard, wielding a dagger and wearing a robe (moderately wounded)
The blast of sand hits the orc.
The orc is lightly wounded.
b - 92 stones Unknown command.
Casting: Sandblast (safe; 6% risk of failure)
Confirm with . or Enter, or press ? or * to list all spells.
Aiming: Sandblast (safe; 6% risk of failure)
Press: ? - help, Shift-Dir - straight line, f/p - orc wizard
Aim: an orc wizard, wielding a dagger and wearing a robe (moderately wounded)
The blast of sand misses the orc.
The blast of sand hits the orc wizard.
The orc wizard is moderately wounded.
b - 91 stones The orc hits you with a club.
An orc priest comes into view.
Casting: Sandblast (safe; 6% risk of failure)
Confirm with . or Enter, or press ? or * to list all spells.
Aiming: Sandblast (safe; 6% risk of failure)
Press: ? - help, Shift-Dir - straight line, f/p - orc wizard
Aim: an orc wizard, wielding a dagger and wearing a robe (moderately wounded)
The blast of sand hits the orc.
The orc is heavily wounded.
b - 90 stones The orc priest shouts!
You hear a shout!
The orc hits you with a club.
* * * LOW HITPOINT WARNING * * *
Really quaff
d - 2 potions of lignification {!q}?
You turn into a tree.
Your roots penetrate the ground.
The orc hits you but does no damage.
Really quaff
d - a potion of lignification {!q}?
You are stuck in your current form!
You hit the orc.
You kill the orc!
You smack the orc wizard!
You kill the orc wizard!
You have reached level 5!
You feel agile.
The orc priest invokes the aid of Beogh against you.
Beogh smites you!
You die...
Your shape twists and changes as you die.
You are now level 4!
You feel less wooden.
You rejoin the land of the living...
Are you sure you want to abandon this character and quit the game? (Confirm

#.#####.#####.................
#..............#..#....###...#
#.................#..........#
#.....#...................<...#.#
#.....#.##.####......#..#..#..#..
+..........................#..#..
#.......##.####..................
####+#..##.####...............###
#..##.#....@................
#..##.#.##..#......#..#.####
##..##..............#..#..###
......................)..)..
#....##..#............)..###
#<..........................
#..................#...#.###
##.....................#.# #
...................(.#.# #


There were no monsters in sight!

Vanquished Creatures
  An orc wizard (D:3)
  A worker ant (D:2)
  An adder (D:3)
  An ooze (D:2)
  A worm (D:2)
  4 dart slugs
  4 leopard geckos
  3 orcs (D:3)
  A giant cockroach (D:1)
  11 goblins
  6 hobgoblins
  2 jackals (D:1)
  8 kobolds
  A quokka (D:2)
  A ball python (D:1)
  2 bats (D:2)
  5 frilled lizards
  8 rats
61 creatures vanquished.

Notes
Turn   | Place    | Note
-------+----------+-------------------------------------------
     0 | D:1      | Amnesiac the Felid Earth Elementalist began the quest for
                  | the Orb.
     0 | D:1      | Reached XP level 1. HP: 7/7 MP: 4/4
   376 | D:1      | Reached XP level 2. HP: 11/11 MP: 0/6
   388 | D:1      | Learned a level 2 spell: Passwall
   441 | D:1      | Reached skill level 1 in Unarmed Combat
  1187 | D:2      | Reached XP level 3. HP: 14/14 MP: 7/7
  1751 | D:2      | Reached XP level 4. HP: 11/18 MP: 3/8
  1813 | D:2      | Learned a level 4 spell: Petrify
  2390 | D:3      | Reached XP level 5. HP: 14/21 MP: 1/9
  2390 | D:3      | Killed from afar by an orc priest
  2391 | D:3      | Reached XP level 4. HP: 0/27 MP: 1/8
  2391 | D:3      | Quit the game

Vault maps used:
D:1:      dpeg_arrival_shrine, serial_bayou_lagoon_b
D:2:      minmay_misc_feat_four_crosses, st_stairs_3, minmay_pentomino_z4
D:3:      lemuel_crystal_altar, first_ration

Skill      XL: |  1  2  3  4 |
---------------+-------------+-----
Stealth        | 3 |  3.2
Earth Magic    | 3 |  3.1
Unarmed Combat | 1 2 3 |  3.1
Transmutations | 2 3 |  3.1
Dodging        | |  2.6
Spellcasting   | |  2.0

Action                   |  1- 3 |  4- 6 || total
-------------------------+-------+-------++-------
Melee: Unarmed           |    90 |    48 ||   138
       Bite              |     8 |     5 ||    13
       Punch             |     2 |       ||     2
 Cast: Sandblast         |    26 |    19 ||    45
       Passwall          |     1 |     2 ||     3
  Use: Potion            |     1 |     1 ||     2
       Scroll            |     1 |       ||     1
 Stab: Sleeping          |     5 |     5 ||    10
       Distracted        |     1 |       ||     1
  Eat: Chunk             |     9 |     2 ||    11
Armor: Skin              |     3 |     3 ||     6
Dodge: Dodged            |    66 |    31 ||    97

Table legend:
 A = Non-vault XP
 B = Vault XP
 C = Vault XP percentage of total XP
 D = Non-vault monster count
 E = Vault monster count
 F = Vault count percentage of total count
                 A         B        C        D         E       F
            +---------+---------+-------+---------+---------+-------
      Total |     160 |      42 |  20.8 |      56 |       5 |   8.2
            +---------+---------+-------+---------+---------+-------
        D:1 |      40 |       0 |   0.0 |      20 |       0 |   0.0
        D:2 |      42 |      42 |  50.0 |      19 |       5 |  20.8
        D:3 |      78 |       0 |   0.0 |      17 |       0 |   0.0
            +---------+---------+-------+---------+---------+-------
